 Dungeon Crawl Stone Soup version 0.15-a0-1675-g4580af5 (webtiles) character file.

7383 PolkaDot the Covert (level 10, -7/70 HPs)
             Began as a Vampire Assassin on June 24, 2014.
             Was an Elder of Dithmenos.
             Mangled by an orc warrior
             ... wielding a +2 hand axe
              (16 damage)
             ... on Level 10 of the Dungeon.
             The game lasted 00:49:33 (9924 turns).

PolkaDot the Covert (Vampire Assassin)              Turns: 9924, Time: 00:49:33

HP  -7/70        AC  9     Str  8      XL: 10   Next: 92%
MP  18/18        EV 16     Int 15      God: Dithmenos [****..]
Gold 620         SH  0     Dex 18      Spells:  0 memorised,  9 levels left

rFire  . . .     SeeInvis +     w - +2 scimitar (protect)
rCold  + . .     Clarity  .     c - +0 robe (curse)
rNeg   . . .     rCorr    +     (no shield)
rPois  .         rRot     .     p - +0 hat
rElec  .         Spirit   .     d - +0 cloak
SustAb .         Warding  .     B - +0 pair of gloves (curse)
rMut   .         Stasis   .     (no boots)
Gourm  .                        h - amulet of resist corrosion
MR     +....                    D - ring of protection from cold
                                t - cursed ring of teleport control

@: very slightly contaminated, regenerating very quickly, hasted, wreathed by
umbra, very quick, somewhat resistant to hostile enchantments, extremely
stealthy
A: bottle blood, fangs 3, hooves 1, see invisible, clever 1, weak 1, unbreathing
a: Bottle Blood, Shadow Step, Renounce Religion, Evoke Teleport Control


You were on level 10 of the Dungeon.
You worshipped Dithmenos.
Dithmenos was greatly pleased with you.
You were almost alive.

You visited 2 branches of the dungeon, and saw 11 of its levels.
You also visited: Ossuary.

You collected 620 gold pieces.

Inventory:

Hand weapons
 a - a +1 dagger of speed
 b - a +1 blowgun
 w - a +2 scimitar of protection (weapon)
Missiles
 e - 37 poisoned needles
 f - 9 curare-tipped needles
 i - 2 throwing nets (quivered)
Armour
 c - a cursed +0 robe (worn)
 d - a +0 cloak (worn)
 p - a +0 hat (worn)
 B - a cursed +0 pair of gloves (worn)
Magical devices
 k - a wand of cold (3)
 u - a wand of paralysis (9)
 y - a wand of cold (9)
Scrolls
 j - a scroll of random uselessness {unknown}
 m - a scroll of blinking
 r - 2 scrolls of immolation
 s - 6 scrolls of teleportation
 C - 2 scrolls of remove curse
 E - a scroll of fear
 F - a scroll of enchant armour {unknown}
Jewellery
 h - an amulet of resist corrosion (around neck)
 t - a cursed ring of teleport control (left hand)
 D - a ring of protection from cold (right hand)
 G - an uncursed ring of sustain abilities
Potions
 g - a potion of curing
 l - 2 potions of lignification
 n - 6 potions of brilliance
 q - 5 potions of blood {@w2}
 v - 3 potions of restore abilities
 z - a potion of haste
 A - 2 potions of resistance
 H - a potion of mutation {!q}


   Skills:
 - Level 3.2 Fighting
 - Level 12.4 Short Blades
 * Level 0.8(5.2) Long Blades
 - Level 1.5 Throwing
 + Level 5.7 Dodging
 + Level 14.4 Stealth
 - Level 5.4 Evocations


You had 9 spell levels left.
You didn't know any spells.

Dungeon Overview and Level Annotations

Branches:
Dungeon (10/15)            Temple (1/1) D:4             Orc (0/4) D:10
   Lair: D:8-11

Altars:
Ashenzari
Cheibriados
Dithmenos
Elyvilon
Fedhas
Gozag
Kikubaaqudgha
Makhleb
Nemelex Xobeh
Okawaru
Qazlal
Sif Muna
Trog
Vehumet
Xom
Yredelemnul
Zin
The Shining One

Shops:
D:5 %   D:8 (


Innate Abilities, Weirdness & Mutations

Your natural rate of healing is extremely fast.
You can bottle blood from corpses.
You have razor-sharp teeth.*
You have supernaturally acute eyesight.
You can survive without breathing.*
You have large cloven feet.*
Your mind is acute. (Int +2)
You are weak. (Str -2)


Message History

The orc warrior is lightly wounded.
The orc warrior hits you with a hand axe!
* * * LOW HITPOINT WARNING * * *
You hit the orc warrior. Your kick misses the orc warrior.
You bite the orc warrior, but do no damage.
The orc warrior is moderately wounded.
The orc wizard casts a spell at you. The magic dart hits you!
* * * LOW HITPOINT WARNING * * *
You hit the orc warrior.
The orc warrior is heavily wounded.
The orc warrior closely misses you.
The orc wizard hits you but does no damage.
You closely miss the orc warrior.
You kick the orc warrior, but do no damage.
The orc warrior is heavily wounded.
You closely miss the orc warrior.
The orc warrior is heavily wounded.
The orc warrior hits you with a hand axe!
You die...

.###.##.###..##...###..#.# #.#...
.# #.##.###...#....##....###.##..
.# #.##..........................
.# #.##..≈≈≈≈≈≈≈≈≈≈≈≈≈≈≈≈≈≈≈≈≈≈≈≈
## #.##..≈≈≈≈≈≈≈≈≈≈≈≈≈≈≈≈≈≈≈≈≈≈≈≈
####.##..≈≈#####################'
.....##..≈≈#.≈..................#
.######..≈≈###.oo.........).....#
..## #..≈≈#>..)@.....8..........
..)####..≈≈###..................#
...'.....≈≈#o≈..................#
...####..≈≈#####################'
..## #..≈≈≈≈≈≈≈≈≈≈≈≈≈≈≈≈≈≈≈≈≈≈≈≈
.## #..≈≈≈≈≈≈≈≈≈≈≈≈≈≈≈≈≈≈≈≈≈≈≈≈
##### #..........................
....# #.<############...########.
###.# #..# #.#.# #.


You could see an orc warrior and 2 orc wizards.

Vanquished Creatures
  Erolcha (D:9)
  A gargoyle (D:10)
  A merfolk (D:10)
  12 yaks
  2 wyverns
  2 deep elf magi (D:9)
  A hippogriff (D:10)
  A sky beast (D:6)
  8 orc warriors
  A black bear (D:6)
  4 phantoms
  3 centaurs
  5 ogres
  A crocodile (D:9)
  Blork the orc (D:5)
  3 giant frogs
  2 water moccasin zombies (Ossuary)
  2 scorpions
  A quasit (D:10)
  A goliath beetle (D:10)
  5 crimson imps
  2 big fish (D:10)
  A centaur zombie (D:7)
  8 orc priests
  A jelly (D:10)
  3 worker ants
  A giant frog skeleton (D:4)
  2 iguanas
  5 orc wizards
  2 hounds
  A killer bee zombie (D:9)
  2 big kobold zombies (Ossuary)
  Ijyb (D:3)
  Jessica (D:2)
  A mottled dragon skeleton (D:10)
  3 mummies
  13 adders
  7 gnolls
  3 giant mites
  2 worms
  2 adder skeletons
  4 adder zombies (Ossuary)
  3 giant geckos
  3 oozes (D:2)
  35 orcs
  20 bats
  A bat zombie (D:7)
  A giant cockroach (D:6)
  A gnoll zombie (Ossuary)
  11 goblins
  16 hobgoblins
  2 jackals (D:2)
  18 kobolds
  3 quokkas
  A ball python (D:4)
  10 giant newts
  A goblin skeleton (D:5)
  4 hobgoblin zombies (Ossuary)
  A jackal skeleton (D:6)
  6 kobold zombies
  An orc skeleton (D:6)
  5 orc zombies (Ossuary)
  13 rats
  A rat skeleton (D:6)
280 creatures vanquished.

Notes
Turn   | Place    | Note
--------------------------------------------------------------
     0 | D:1      | PolkaDot, the Vampire Assassin, began the quest for the Orb.
     0 | D:1      | Reached XP level 1. HP: 16/16 MP: 1/1
    97 | D:1      | Reached skill level 6 in Stealth
   123 | D:1      | Reached XP level 2. HP: 22/22 MP: 2/2
   214 | D:1      | Reached XP level 3. HP: 17/27 MP: 3/3
   866 | D:2      | Reached XP level 4. HP: 32/34 MP: 4/4
  1099 | D:2      | Noticed Jessica
  1106 | D:2      | Killed Jessica
  1106 | D:2      | Reached skill level 7 in Stealth
  1310 | D:3      | Noticed Ijyb
  1323 | D:3      | Killed Ijyb
  1435 | D:3      | Reached XP level 5. HP: 37/40 MP: 5/5
  1789 | D:3      | Found an iron altar of Okawaru.
  2560 | D:4      | Reached skill level 5 in Short Blades
  2606 | D:4      | Noticed a phantom
  2625 | D:4      | Reached XP level 6. HP: 42/47 MP: 6/6
  2634 | D:4      | Killed a phantom
  2674 | D:4      | Reached skill level 8 in Stealth
  2700 | D:4      | Found a staircase to the Ecumenical Temple.
  2734 | Temple   | Entered the Ecumenical Temple
  2819 | Temple   | Became a worshipper of Dithmenos the Shadowed
  2979 | D:5      | Entered Level 5 of the Dungeon
  3045 | D:5      | Reached skill level 1 in Evocations
  3104 | D:5      | Reached XP level 7. HP: 52/52 MP: 8/8
  3184 | D:5      | Noticed Blork the orc
  3257 | D:5      | Killed Blork the orc
  3266 | D:5      | Found Kaukhluat's Food Emporium.
  3993 | D:6      | Reached skill level 9 in Stealth
  4395 | D:6      | Reached XP level 8. HP: 58/58 MP: 12/12
  4629 | D:7      | Found an opulent altar of Gozag.
  4725 | D:8      | Found a sand-covered staircase.
  4752 | Ossuary  | Entered an ossuary
  4844 | Ossuary  | Acquired Dithmenos' first power
  4844 | Ossuary  | Reached skill level 10 in Stealth
  5427 | D:8      | Reached skill level 11 in Stealth
  5914 | D:7      | Reached XP level 9. HP: 26/64 MP: 16/16
  6252 | D:8      | Found Anyi's Weapon Boutique.
  6485 | D:8      | Reached skill level 12 in Stealth
  6600 | D:9      | Reached skill level 5 in Evocations
  6706 | D:9      | Acquired Dithmenos' second power
  6845 | D:9      | Reached skill level 10 in Short Blades
  7091 | D:9      | Reached skill level 13 in Stealth
  7097 | D:9      | Reached XP level 10. HP: 36/70 MP: 18/18
  7244 | D:9      | Noticed Erolcha
  7265 | D:9      | Killed Erolcha
  7927 | D:10     | Entered Level 10 of the Dungeon
  8531 | D:10     | Gained mutation: Your mind is acute. (Int +2) [potion of mutation]
  8531 | D:10     | Gained mutation: You are weak. (Str -2) [potion of mutation]
  8531 | D:10     | Gained mutation: You have large cloven feet. [potion of mutation]
  8840 | D:10     | Acquired Dithmenos' third power
  8916 | D:10     | Reached skill level 5 in Dodging
  9380 | D:10     | Reached skill level 14 in Stealth
  9902 | D:10     | Found a staircase to the Orcish Mines.
  9924 | D:10     | Mangled by an orc warrior

Action                   |  1- 3 |  4- 6 |  7- 9 | 10-12 || total
-------------------------+-------+-------+-------+-------++-------
Melee: Dagger            |   111 |   168 |   466 |   397 ||  1142
       Scimitar          |       |       |       |   115 ||   115
 Abil: Bottle Blood      |       |       |       |     8 ||     8
Evoke: Wand              |       |     2 |    11 |     5 ||    18
  Use: Potion            |     1 |       |     5 |    17 ||    23
       Scroll            |       |       |    16 |     3 ||    19
 Stab: Sleeping          |    12 |    14 |    29 |    10 ||    65
       Distracted        |     1 |       |     2 |     1 ||     4
       Paralysed         |       |     1 |     4 |     4 ||     9
